 Dungeon Crawl Stone Soup version 0.28.0-45-g0d030f2227 (webtiles) character file.

Game seed: 15395188928901880935

364 Peloso the Covered (level 6, -1/55 HPs)
             Began as a Minotaur Fighter on Apr 8, 2022.
             Killed by nerve-wracking pain
             ... invoked by Menkaure
              (4 damage)
             ... on level 4 of the Dungeon.
             The game lasted 00:05:02 (3021 turns).

Peloso the Covered (Minotaur Fighter)               Turns: 3021, Time: 00:05:03

Health: -1/55      AC: 17    Str: 21    XL:     6   Next: 39%
Magic:  5/5        EV:  6    Int:  5    God:
Gold:   98         SH:  5    Dex: 11    Spells: 5/5 levels left

rFire   . . .      SeeInvis .   a - +0 long sword
rCold   . . .      Faith    .   c - +1 buckler
rNeg    . . .      Spirit   .   o - +0 plate armour
rPois   .          Reflect  .   (helmet restricted)
rElec   .          Harm     .   n - +0 cloak
rCorr   .          Rampage  .   (no gloves)
Will    .....                   k - +2 pair of boots
Stlth   ..........              (no amulet)
HPRegen 0.18/turn               (no ring)
MPRegen 0.09/turn               (no ring)

@: no status effects
A: horns 2, retaliatory headbutt
a: no special abilities


You were on level 4 of the Dungeon.
You visited 1 branch of the dungeon, and saw 4 of its levels.

You collected 98 gold pieces.

Inventory:

Hand Weapons
 a - a +0 long sword (weapon)
Armour
 b - a +0 scale mail
 c - a +1 buckler (worn)
 k - a +2 pair of boots (worn)
 n - a +0 cloak (worn)
 o - a +0 plate armour (worn)
Wands
 d - a wand of flame (15)
 h - a wand of digging (3)
Scrolls
 f - a scroll of acquirement
 j - a scroll of teleportation {unknown}
 l - a scroll of torment {unknown}
 m - a scroll of fear {unknown}
Potions
 e - 2 potions of brilliance
 g - a potion of mutation {unknown}
 i - 2 potions of curing {unknown}
 p - a potion of berserk rage {unknown}


   Skills:
 + Level 4.9 Fighting
 + Level 5.1 Long Blades
 + Level 5.6 Armour
 + Level 1.7 Dodging
 + Level 0.4 Stealth
 + Level 4.1 Shields


You had 5 spell levels left.
You didn't know any spells.
Your spell library was empty.

Dungeon Overview and Level Annotations

Branches:
Dungeon (3/15)

Altars:
Xom

Annotations:
D:4 Menkaure


Innate Abilities, Weirdness & Mutations

You have a pair of horns on your head.
You reflexively headbutt those who attack you in melee.


Message History

You kill the hobgoblin!
Found a shimmering altar of Xom.
Menkaure mumbles some strange words.
Menkaure seems to speed up.
You barely miss Menkaure.
Menkaure calls on the powers of darkness!
Your body is wracked with pain!
* * * LOW HITPOINT WARNING * * *
You hit Menkaure.
Menkaure is lightly damaged.
Menkaure hits you.
* * * LOW HITPOINT WARNING * * *
You block Menkaure's attack.
You hit Menkaure.
Menkaure is lightly damaged.
Menkaure hits you.
* * * LOW HITPOINT WARNING * * *
You hit Menkaure but do no damage.
Menkaure is lightly damaged.
Menkaure hits you but does no damage.
An orc comes into view. It is wielding a +0 falchion.
Menkaure calls on the powers of darkness!
Your body is wracked with pain!
* * * LOW HITPOINT WARNING * * *
The orc convulses!
You barely miss Menkaure.
Menkaure is lightly damaged.
Menkaure hits you but does no damage.
Unknown command.
You slash Menkaure!
Menkaure is heavily damaged.
Menkaure hits you but does no damage.
Unknown command.
You slash Menkaure! Your headbutt misses Menkaure.
Menkaure is almost destroyed.
Menkaure hits you.
* * * LOW HITPOINT WARNING * * *
Menkaure gestures at you while chanting.
Pain shoots through your body!
You die...

§§.§...P.......
._.≈........≈≈≈≈≈.
...§........≈≈≈≈≈.
..(..o....≈≈≈≈≈.
.........≈≈≈≈≈.
#...#.#.......
#.M.....≈≈≈≈........
#.@....≈≈≈≈.≈≈≈≈≈..
##....).≈≈≈≈.≈≈≈≈≈..
#.......≈≈≈≈.≈≈≈≈≈..
#.......≈≈≈≈.≈≈≈≈≈..
#.#....).............
#....................
......................
....#.............###.
##..#.............# ##


You could see Menkaure (fast) and an orc.

Vanquished Creatures
  Duvessa (D:4)
  A scorpion (D:4)
  Dowan (D:4)
  A jelly (D:3)
  Ijyb (D:3)
  5 adders
  3 dart slugs
  An orc (D:4)
  3 ball pythons
  8 endoplasms
  2 giant cockroaches
  7 goblins
  7 hobgoblins
  5 kobolds
  4 bats
  3 frilled lizards
  7 rats
60 creatures vanquished.

Vanquished Creatures (others)
  13 plants (D:4)
  2 withered plants (D:1)
15 creatures vanquished.

Grand Total: 75 creatures vanquished

Notes
Turn   | Place    | Note
-------+----------+-------------------------------------------
     0 | D:1      | Peloso the Minotaur Fighter began the quest for the Orb.
     0 | D:1      | Reached XP level 1. HP: 19/19 MP: 0/0
   382 | D:1      | Reached XP level 2. HP: 27/27 MP: 1/1
   994 | D:1      | Found a faded altar of an unknown god.
  1347 | D:1      | Identified a scroll of acquirement
  1418 | D:2      | Reached XP level 3. HP: 33/33 MP: 2/2
  2072 | D:2      | Reached XP level 4. HP: 17/40 MP: 3/3
  2609 | D:3      | Noticed Ijyb
  2621 | D:3      | Killed Ijyb
  2860 | D:3      | Reached skill level 5 in Armour
  2884 | D:3      | You fall into a shaft and drop 1 floor!
  2912 | D:4      | Reached XP level 5. HP: 46/47 MP: 4/4
  2922 | D:4      | Reached skill level 1 in Dodging
  2946 | D:4      | Noticed Duvessa
  2952 | D:4      | Noticed Dowan
  2953 | D:4      | Killed Duvessa
  2954 | D:4      | Reached skill level 5 in Long Blades
  2954 | D:4      | Reached XP level 6. HP: 9/55 MP: 5/5
  2960 | D:4      | Killed Dowan
  3010 | D:4      | Noticed Menkaure
  3013 | D:4      | Found a shimmering altar of Xom.
  3021 | D:4      | Killed from afar by Menkaure

Illustrated notes

Levels and vault maps discovered:
D:1:      minmay_arrival_cross, layout_loops_ring,
          ebering_ecumenical_altar_petrified, patterned_corridor
D:2:      layout_basic, kennysheep_nub
D:3:      layout_loops_ring, mainiacjoe_overflow_catwalk, uniq_grinder,
          uniq_ijyb
D:4:      layout_cave_pools, mainiacjoe_overflow_chevrons,
          minmay_temple_entry_glassed_door, cheibrodos_sewer_entry_bend,
          minivault_5, minivault_14, uniq_menkaure, uniq_duvessa

Skill      XL: |  1  2  3  4  5 |
---------------+----------------+-----
Armour         | 4 5 |  5.6
Fighting       | 4 |  4.9
Long Blades    | 3 5 |  5.1
Shields        | 4 |  4.1
Dodging        | 1 |  1.7
Stealth        | |  0.4

Action                   |  1- 3 |  4- 6 || total
-------------------------+-------+-------++-------
Melee: Long sword        |   113 |    49 ||   162
       Headbutt          |    10 |    11 ||    21
  Use: Scroll            |     4 |       ||     4
       Potion            |       |     2 ||     2
Armor: Scale mail        |    68 |    23 ||    91
       Plate armour      |       |     7 ||     7
Dodge: Dodged            |    50 |    22 ||    72
Block: Buckler           |    35 |    13 ||    48
